 Dungeon Crawl Stone Soup version 0.27-a0-604-g29a88b33a7 (webtiles) character file.

Game seed: 12089355198944625392

133 dolemite99 the Vexing (level 5, -4/40 HPs)
             Began as a Gnoll Arcane Marksman on Mar 13, 2021.
             Was an Initiate of Ru.
             Killed by nerve-wracking pain
             ... invoked by Grinder
              (14 damage)
             ... on level 3 of the Dungeon.
             The game lasted 00:05:09 (2935 turns).

dolemite99 the Vexing (Gnoll Arcane Marksman)       Turns: 2935, Time: 00:05:09

Health: -4/40      AC:  7    Str: 10    XL:     5   Next: 16%
Magic:  8/9        EV: 11    Int: 12    God:    Ru [......]
Gold:   108        SH:  0    Dex: 13    Spells: 9/10 levels left

rFire    . . .     SeeInvis .   b - +0 long sword
rCold    + . .     Faith    .   (no shield)
rNeg     . . .     Spirit   .   l - +2 ring mail
rPois    .         Reflect  .   (no helmet)
rElec    .         Harm     .   (no cloak)
rCorr    .         Rampage  .   (no gloves)
Will     .....                  (no boots)
Stlth    +.........             (no amulet)
HPRegen  0.13/turn              y - ring of protection from cold
MPRegen  0.11/turn              (no ring)

@: no status effects
A: fangs 1, strong nose, distributed training
a: Renounce Religion


You were on level 3 of the Dungeon.
You worshipped Ru.
Ru was noncommittal.
You visited 1 branch of the dungeon, and saw 3 of its levels.

You collected 108 gold pieces.

Inventory:

Hand Weapons
 a - a +0 shortbow
 b - a +0 long sword (weapon)
 j - a +0 hunting sling
 p - a +0 spear
 x - a +0 hunting sling
Missiles
 f - 5 javelins
 g - 7 boomerangs
 h - 40 stones
 v - 16 bolts
Armour
 e - a +0 robe
 i - a +0 crystal plate armour
 l - a +2 ring mail (worn)
 t - a +0 plate armour
Jewellery
 m - a ring of positive energy
 y - a ring of protection from cold (right hand)
Scrolls
 c - a scroll of blinking {unknown}
 q - a scroll of fear {unknown}
 s - a scroll of teleportation {unknown}
 w - a scroll of magic mapping {unknown}
Potions
 r - a potion of magic
 u - a potion of attraction


   Skills:
 + Level 2.9 Fighting
 + Level 1.4 Short Blades
 + Level 1.4 Long Blades
 + Level 1.4 Axes
 + Level 1.4 Maces & Flails
 + Level 1.4 Polearms
 + Level 1.4 Staves
 + Level 1.4 Slings
 + Level 4.7 Bows
 + Level 1.4 Crossbows
 + Level 1.4 Throwing
 + Level 1.4 Armour
 + Level 4.7 Dodging
 + Level 1.4 Stealth
 + Level 1.4 Shields
 + Level 1.4 Unarmed Combat
 + Level 3.1 Spellcasting
 + Level 1.1 Conjurations
 + Level 5.5 Hexes
 + Level 1.1 Summonings
 + Level 1.1 Necromancy
 + Level 1.1 Translocations
 + Level 1.1 Transmutations
 + Level 1.1 Fire Magic
 + Level 1.1 Ice Magic
 + Level 1.1 Air Magic
 + Level 1.1 Earth Magic
 + Level 1.1 Poison Magic
 + Level 1.5 Invocations
 + Level 1.4 Evocations


You had 9 spell levels left.
You knew the following spells:

 Your Spells              Type           Power      Damage    Failure   Level
a - Corona                Hex            16%        N/A       6%          1

Your spell library contained the following spells:

 Spells                   Type           Power      Damage    Failure   Level
 Slow                     Hex            15%        N/A       10%         2
 Inner Flame              Hex/Fire       9%         N/A       43%         3
 Portal Projectile        Hex/Tloc       18%        N/A       43%         3
 Cause Fear               Hex            7%         N/A       54%         4
 Leda's Liquefaction      Hex/Erth       4%         N/A       83%         4


Dungeon Overview and Level Annotations

Branches:
Dungeon (3/15)

Altars:
Dithmenos
Ru
Zin

Annotations:
D:3 Grinder


Innate Abilities, Weirdness & Mutations

You have very sharp teeth.
Your uncanny sense of smell can sniff out nearby items.
Your experience applies equally to all skills.


Message History

You shoot an arrow.
The arrow hits Grinder but does no damage.
Grinder is severely wounded.
Grinder hits you.
You writhe in agony.
Unknown command.
Casting: Corona (safe; 6% risk of failure)
Confirm with . or Enter, or press ? or * to list all spells.
Aiming: Corona (safe; 6% risk of failure)
Press: ? - help, Shift-Dir - straight line, f/p - Grinder
Aim: Grinder (severely wounded, softly glowing, chance to affect: 51%) Grinder glows brighter.
Grinder closely misses you.
Unknown command.
Casting: Corona (safe; 6% risk of failure)
Confirm with . or Enter, or press ? or * to list all spells.
You don't know that spell.
b - a +0 long sword (weapon)
You hit Grinder.
Grinder is severely wounded.
Grinder hits you but does no damage. Grinder barely misses you.
Okay, then.
You hit Grinder but do no damage. You bite Grinder, but do no damage.
Grinder is severely wounded.
Grinder closely misses you.
You hit Grinder but do no damage.
Grinder is severely wounded.
Grinder gestures at you.
You barely resist. You barely miss Grinder.
Grinder is severely wounded.
Grinder closely misses you.
You riposte.
Your ring mail prevents you from hitting Grinder.
Grinder is severely wounded.
Grinder gestures at you. Pain shoots through your body!
* * * LOW HITPOINT WARNING * * *
You completely miss Grinder.
Grinder is severely wounded.
Grinder gestures at you. Pain shoots through your body!
You die...

# #..#.# ∆ ..#. #..#.# .......
..#[ #..#.# .....#.. ..
#.####..#.# ......#.## ##.
#.........# ........ ..
#.........# ....... .#
#.#.†...... ##. #..######.#
#.#.##....# ...#(((..((@5#
#...##....#
#####.#...################.####
..........#............###.#
..........#..##.......))...#
.....................#.#####
..........##.##.####.#.# ∆
.....................#.#
......#..##...#.#......#
......#.......#.#.###..#


You could see Grinder (corona).

Vanquished Creatures
  5 adders
  2 oozes
  3 worms (D:2)
  3 dart slugs
  2 leopard geckos
  3 giant cockroaches
  4 goblins
  6 hobgoblins
  8 jackals
  4 kobolds
  A quokka (D:3)
  5 bats
  14 frilled lizards
  6 rats
66 creatures vanquished.

Notes
Turn   | Place    | Note
-------+----------+-------------------------------------------
     0 | D:1      | dolemite99 the Gnoll Arcane Marksman began the quest for
                  | the Orb.
     0 | D:1      | Reached XP level 1. HP: 17/17 MP: 4/4
   134 | D:1      | Reached XP level 2. HP: 22/23 MP: 5/5
   421 | D:1      | Reached XP level 3. HP: 28/28 MP: 7/7
   836 | D:2      | Reached skill level 1 in Invocations
   992 | D:2      | Reached skill level 1 in Short Blades
   992 | D:2      | Reached skill level 1 in Long Blades
   992 | D:2      | Reached skill level 1 in Axes
   992 | D:2      | Reached skill level 1 in Maces & Flails
   992 | D:2      | Reached skill level 1 in Polearms
   992 | D:2      | Reached skill level 1 in Staves
   992 | D:2      | Reached skill level 1 in Slings
   992 | D:2      | Reached skill level 1 in Crossbows
   992 | D:2      | Reached skill level 1 in Throwing
   992 | D:2      | Reached skill level 1 in Armour
   992 | D:2      | Reached skill level 1 in Stealth
   992 | D:2      | Reached skill level 1 in Shields
   992 | D:2      | Reached skill level 1 in Unarmed Combat
   992 | D:2      | Reached skill level 1 in Evocations
  1025 | D:2      | Reached XP level 4. HP: 34/34 MP: 5/8
  1145 | D:2      | Found a glowing silver altar of Zin.
  1145 | D:2      | Found a sacrificial altar of Ru.
  1149 | D:2      | Became a worshipper of Ru the Awakened
  1655 | D:2      | Reached skill level 1 in Conjurations
  1655 | D:2      | Reached skill level 1 in Summonings
  1655 | D:2      | Reached skill level 1 in Necromancy
  1655 | D:2      | Reached skill level 1 in Translocations
  1655 | D:2      | Reached skill level 1 in Transmutations
  1655 | D:2      | Reached skill level 1 in Fire Magic
  1655 | D:2      | Reached skill level 1 in Ice Magic
  1655 | D:2      | Reached skill level 1 in Air Magic
  1655 | D:2      | Reached skill level 1 in Earth Magic
  1655 | D:2      | Reached skill level 1 in Poison Magic
  2353 | D:2      | Found a shadowy altar of Dithmenos.
  2550 | D:2      | Reached XP level 5. HP: 37/40 MP: 7/9
  2760 | D:3      | Noticed Grinder
  2760 | D:3      | Paralysed by Grinder for 2 turns
  2899 | D:3      | Paralysed by Grinder for 5 turns
  2920 | D:3      | Paralysed by Grinder for 3 turns
  2935 | D:3      | Killed from afar by Grinder

Illustrated notes

Levels and vault maps discovered:
D:1:      onia_arrival_mini_maze, layout_rooms, minmay_lizard_pond
D:2:      minmay_recursive_quarters, layout_basic,
          lemuel_coloured_pillars_altar, gammafunk_temple_overflow_wave,
          chequers_serial_rivers_micro_d
D:3:      layout_basic, lemuel_round_altar, portal_sewer_entry_c,
          corexii_item_surrounded_by_moat, uniq_crazy_yiuf_cottage,
          uniq_grinder, uniq_jessica, uniq_sigmund

Skill      XL: |  1  2  3  4 |
---------------+-------------+-----
Invocations    | 1 |  1.5
Short Blades   | 1 |  1.4
Long Blades    | 1 |  1.4
Axes           | 1 |  1.4
Maces & Flails | 1 |  1.4
Polearms       | 1 |  1.4
Staves         | 1 |  1.4
Slings         | 1 |  1.4
Crossbows      | 1 |  1.4
Throwing       | 1 |  1.4
Armour         | 1 |  1.4
Stealth        | 1 |  1.4
Shields        | 1 |  1.4
Unarmed Combat | 1 |  1.4
Evocations     | 1 |  1.4
Spellcasting   | 3 |  3.1
Conjurations   | 1 |  1.1
Summonings     | 1 |  1.1
Necromancy     | 1 |  1.1
Translocations | 1 |  1.1
Transmutations | 1 |  1.1
Fire Magic     | 1 |  1.1
Ice Magic      | 1 |  1.1
Air Magic      | 1 |  1.1
Earth Magic    | 1 |  1.1
Poison Magic   | 1 |  1.1
Fighting       | |  2.9
Bows           | |  4.7
Dodging        | |  4.7
Hexes          | |  5.5

Action                   |  1- 3 |  4- 6 || total
-------------------------+-------+-------++-------
Melee: Unarmed           |     1 |       ||     1
       Long sword        |       |    18 ||    18
       Spear             |       |     7 ||     7
       Bite              |       |     3 ||     3
 Fire: Shortbow          |    98 |    95 ||   193
 Cast: Corona            |     2 |    22 ||    24
  Use: Scroll            |       |     6 ||     6
       Potion            |       |     2 ||     2
Armor: Ring mail         |    21 |    38 ||    59
Dodge: Dodged            |    30 |    39 ||    69
       Rpst.: Long sword |       |     3 ||     3

Table legend: (Time is in decaauts)
 A = Elapsed time spent in this place.
 B = Non-inter-level travel time spent in this place.
 C = Inter-level travel time spent in this place.
 D = Time resting spent in this place.
 E = Time spent auto-exploring this place.
 F = Levels seen in this place.
 G = Mean time per level.
                   A        B        C        D        E       F      G
               +--------+--------+--------+--------+--------+-----+--------+
         Total |   2946 |   2832 |    114 |    647 |   1367 |   3 |  982.0 |
       Dungeon |   2946 |   2832 |    114 |    647 |   1367 |   3 |  982.0 |
               +--------+--------+--------+--------+--------+-----+--------+

Top non-repeatable levels by time:
     D:2: 1923 daAuts
     D:1: 833 daAuts
     D:3: 190 daAuts
